[Event "GambitGuide"]
[Site "Internet Chess Club"]
[Date "2014.10.31"]
[Round "1"]
[White "JSBach"]
[Black "Drunxican"]
[Result "1-0"]
[ICCResult "Black resigns"]
[WhiteElo "1702"]
[BlackElo "1518"]
[Opening "Vienna: `Frankenstein-Dracula' variation"]
[ECO "C27"]
[NIC "VG.02"]
[Time "14:38:27"]
[TimeControl "120+12"]

1. e4 e5 2. Nc3 Nf6 3. Bc4 Nxe4 4. Qh5 Nd6 5. Bb3 Nc6 6. Nb5 g6 7. Qf3 f5 8.
Qd5 Qe7 9. Nxc7+ Kd8 10. Nxa8 b6 11. d3 Bb7 12. Nxb6 axb6 13. Qf3 e4 14.
dxe4 Nxe4 15. Be3 Ne5 16. Bxb6+ Kc8 17. Qe3 h5 18. Rd1 Bh6 19. Qd4 Re8 20.
Ne2 h4 21. O-O h3 22. Bd5 hxg2 23. Kxg2 Qh4 24. Bxb7+ Kxb7 25. Kh1
{Black resigns}
1-0

[Event "GambitGuide"]
[Site "Internet Chess Club"]
[Date "2014.10.31"]
[Round "1"]
[White "JSBach"]
[Black "Ultratumba7"]
[Result "1-0"]
[ICCResult "Black resigns"]
[WhiteElo "1702"]
[BlackElo "1400"]
[Opening "Vienna: `Frankenstein-Dracula' variation"]
[ECO "C27"]
[NIC "VG.02"]
[Time "14:39:18"]
[TimeControl "120+12"]

1. e4 e5 2. Nc3 Nf6 3. Bc4 Nxe4 4. Qh5 Nd6 5. Bb3 Nc6 6. Nb5 g6 7. Qf3 f5 8.
Qd5 Qe7 9. Nxc7+ Kd8 10. Nxa8 b6 11. d3 Bb7 12. Nxb6 axb6 13. Qf3 Nd4 14.
Qg3 Bg7 15. Bg5 Bf6 16. Bxf6 Qxf6 17. Ba4 Re8 18. c3 f4 19. Qg4 N4f5 20. Nf3
e4 21. Ng5 exd3+ 22. Kf1 h6 23. Nf3 g5 24. Rd1 b5 25. Bb3 Be4 26. a4 Ng7 27.
axb5 Nxb5 28. h4 Bf5 29. hxg5 hxg5 30. Qxg5 Qxg5 31. Nxg5 {Black resigns}
1-0

[Event "GambitGuide"]
[Site "Internet Chess Club"]
[Date "2014.10.31"]
[Round "1"]
[White "JSBach"]
[Black "ViaNegativa"]
[Result "0-1"]
[ICCResult "White checkmated"]
[WhiteElo "1702"]
[BlackElo "1400"]
[Opening "Vienna: `Frankenstein-Dracula' variation"]
[ECO "C27"]
[NIC "VG.02"]
[Time "14:37:13"]
[TimeControl "120+12"]

1. e4 e5 2. Nc3 Nf6 3. Bc4 Nxe4 4. Qh5 Nd6 5. Bb3 Nc6 6. Nb5 g6 7. Qf3 f5 8.
Qd5 Qe7 9. Nxc7+ Kd8 10. Nxa8 b6 11. d3 Bb7 12. Nxb6 axb6 13. Qf3 e4 14. Qe3
Bg7 15. Qxb6+ Kc8 16. dxe4 Bd4 17. Be3 Bxb6 18. Bxb6 Qxe4+ 19. Kf1 Ba6+ 20.
c4 Nxc4 21. Ne2 Nxb6 22. Re1 Re8 23. Bd1 Nd4 24. f3 Qe3 25. a4 Nc4 26. g3
Qxf3+ 27. Kg1 Nxb2 28. Rf1 Qe3+ 29. Rf2 Nxd1 30. Kg2 Qxf2+ 31. Kh3 Ne3 32.
Rc1+ Kd8 33. Nxd4 h6 34. Ne6+ Rxe6 35. Rg1 Bf1+ 36. Rxf1 Qg2+ 37. Kh4 Qxh2#
{White checkmated}
0-1

[Event "GambitGuide"]
[Site "Internet Chess Club"]
[Date "2014.10.31"]
[Round "1"]
[White "JSBach"]
[Black "almoehi"]
[Result "1-0"]
[ICCResult "Black resigns"]
[WhiteElo "1702"]
[BlackElo "1458"]
[Opening "Vienna: `Frankenstein-Dracula' variation"]
[ECO "C27"]
[NIC "VG.02"]
[Time "14:38:05"]
[TimeControl "120+12"]

1. e4 e5 2. Nc3 Nf6 3. Bc4 Nxe4 4. Qh5 Nd6 5. Bb3 Nc6 6. Nb5 g6 7. Qf3 f5 8.
Qd5 Qe7 9. Nxc7+ Kd8 10. Nxa8 b6 11. d3 e4 12. dxe4 Nxe4 13. Be3 f4 14. Nxb6
fxe3 15. O-O-O exf2 16. Nxc8 Kxc8 17. Ne2 Nf6 18. Qf3 Bh6+ 19. Kb1 Re8 20.
Qxf2 Ne4 21. Qe1 Be3 22. Nc3 Nf2 23. Nd5 Qc5 24. Nf6 Re7 25. Rd5 Qb6 26. Rf1
Nb4 27. Rxf2 Nxd5 28. Nxd5 Bxf2 29. Nxb6+ Bxb6 30. Qxe7 {Black resigns} 1-0

[Event "GambitGuide"]
[Site "Internet Chess Club"]
[Date "2014.10.31"]
[Round "1"]
[White "JSBach"]
[Black "Ultratumba7"]
[Result "1-0"]
[ICCResult "Black checkmated"]
[WhiteElo "1702"]
[BlackElo "1400"]
[Opening "Vienna: `Frankenstein-Dracula' variation"]
[ECO "C27"]
[NIC "VG.02"]
[Time "14:40:35"]
[TimeControl "120+12"]

1. e4 e5 2. Nc3 Nf6 3. Bc4 Nxe4 4. Qh5 Nd6 5. Bb3 Nc6 6. Nb5 g6 7. Qf3 f5 8.
Qd5 Qe7 9. Nxc7+ Kd8 10. Nxa8 b6 11. d3 Bb7 12. Nxb6 axb6 13. Qf3 f4 14. Qg4
Bg7 15. Ne2 Rf8 16. Nc3 e4 17. Nd5 Qe5 18. O-O Nd4 19. Nxb6 Nxb3 20. Qxd7#
{Black checkmated}
1-0

[Event "GambitGuide"]
[Site "Internet Chess Club"]
[Date "2014.10.31"]
[Round "1"]
[White "JSBach"]
[Black "nsideurheadbro"]
[Result "1-0"]
[ICCResult "Black resigns"]
[WhiteElo "1702"]
[BlackElo "1184"]
[Opening "Vienna: `Frankenstein-Dracula' variation"]
[ECO "C27"]
[NIC "VG.02"]
[Time "14:32:58"]
[TimeControl "120+12"]

1. e4 e5 2. Nc3 Nf6 3. Bc4 Nxe4 4. Qh5 Nd6 5. Bb3 Nc6 6. Nb5 g6 7. Qf3 f5 8.
Qd5 Qe7 9. Nxc7+ Kd8 10. Nxa8 b6 11. d3 Bb7 12. Nxb6 axb6 13. Qf3 f4 14. Qg4
g5 15. Nf3 h6 16. Bd2 Bg7 17. Bc3 Rf8 18. a4 e4 19. dxe4 Bxc3+ 20. bxc3
Qxe4+ 21. Kf1 Ba6+ 22. Kg1 Ne5 23. Nxe5 Qxe5 24. Qh3 Ne4 25. Re1 Qe7 26. Bd5
Nxf2 27. Kxf2 Qc5+ 28. Kf3 Qxd5+ 29. Kf2 g4 30. Qh4+ Kc7 31. Qe7 g3+ 32. Kg1
Bb7 33. Re2 Rf7 34. Qe8 f3 35. gxf3 Rxf3 36. hxg3 Rxg3+ 37. Kf2 Rg2+ 38. Ke1
Rxe2+ 39. Kxe2 Qxh1 40. Qe5+ Kc8 41. Qh8+ Kc7 42. Qe5+ Kd8 43. Qf6+ Kc8 44.
Qxb6 Qe4+ 45. Kd1 Qd5+ 46. Kc1 Qc6 47. Qb4 h5 48. a5 Qh6+ 49. Kb2 h4 50.
Qc4+ Bc6 51. a6 Kb8 52. Qd4 h3 53. Qb6+ Ka8 54. a7 Qd6 55. Qd8+ Kxa7 56.
Qa5+ Kb7 57. Qb4+ Kc7 58. Qa5+ Kc8 59. Qa6+ Kd8 60. Qa5+ Ke7 61. Qg5+ Qf6
62. Qg3 Bg2 63. Qd3 h2 64. Qe2+ Be4 65. Qxe4+ Kd8 66. Qh1 Qh4 67. Kb1 Qg3
68. Ka2 Qg1 69. Qa8+ Ke7 70. Qe4+ Kf6 71. Qf4+ Ke6 72. Qe4+ Kf6 73. Qf4+ Kg6
74. Qe4+ Kg5 75. Qe7+ Kg4 76. Qxd7+ Kg3 77. Qd6+ Kf2 78. Qd4+ Ke2 79. Qe4+
Kd1 80. Qf3+ Kc1 81. Qf4+ Kd1 82. Qf3+ Kd2 83. Qf4+ Kxc2 84. Qf5+ Kxc3 85.
Qc8+ Kd3 86. Qf5+ Ke2 87. Qe5+ Kf3 88. Qc3+ Kf2 89. Qc5+ Kf1 90. Qc4+ Kg2
91. Qc6+ Kh3 92. Qf3+ Qg3 93. Qf5+ Qg4 94. Qd3+ Kh4 95. Qd5 Qe2+ 96. Kb3
Qe3+ 97. Kb2 Qf2+ 98. Kb3 Kg3 99. Qg8+ Kf3 100. Qd5+ Ke2 101. Qc4+ Ke1 102.
Qd5 Qg1 103. Qe5+ Kf2 104. Qd4+ Kg3 105. Qe5+ Kg4 106. Qe6+ Kf4 107. Qd6+
Ke3 108. Qe5+ Kd2 109. Qc3+ Ke2 110. Qc4+ Kf3 111. Qd5+ Kg4 112. Qe4+ Kh5
113. Qf5+ Kh4 114. Qf4+ Kh3 115. Qf5+ Kg2 116. Qd5+ Kf2 117. Qc5+ Kf3 118.
Qf5+ Kg3 119. Qe5+ Kf2 120. Qc5+ Kf1 121. Qb5+ Kg2 122. Qc6+ Kg3 123. Qc7+
Kf3 124. Qf7+ Ke2 125. Qc4+ Ke1 126. Qc3+ Kf1 127. Qd3+ Kg2 128. Qe4+ Kg3
129. Qd3+ Kg4 130. Qe4+ Kg5 131. Qe5+ Kg6 132. Qe6+ Kg7 133. Qe5+ Kg8 134.
Qe6+ Kf8 135. Qf6+ Ke8 136. Qe6+ Kd8 137. Qd6+ Ke8 138. Qe6+ Kf8 139. Qf6+
Kg8 140. Qe6+ Kh8 141. Qh6+ Kg8 142. Qe6+ Kf8 143. Qf6+ Kg8 144. Qe6+ Kg7
145. Qe5+ Kg6 146. Qe6+ Kg5 147. Qd5+ Kh4 148. Qd8+ Qg5 149. Qd4+ Qg4 150.
Qf6+ Kh3 151. Qh6+ Qh4 152. Qc6 Kg3 153. Qc3+ Kf2 154. Qd2+ Kf1 155. Qd3+
Kg1 156. Qd1+ Kg2 157. Qd5+ Kf2 158. Qd2+ Kg3 159. Qe1+ Kf4 160. Qxh4+
{Black resigns}
1-0

[Event "GambitGuide"]
[Site "Internet Chess Club"]
[Date "2014.10.31"]
[Round "1"]
[White "JSBach"]
[Black "almoehi"]
[Result "1-0"]
[ICCResult "Black resigns"]
[WhiteElo "1702"]
[BlackElo "1458"]
[Opening "Vienna: `Frankenstein-Dracula' variation"]
[ECO "C27"]
[NIC "VG.02"]
[Time "14:40:50"]
[TimeControl "120+12"]

1. e4 e5 2. Nc3 Nf6 3. Bc4 Nxe4 4. Qh5 Nd6 5. Bb3 Nc6 6. Nb5 g6 7. Qf3 f5 8.
Qd5 Qe7 9. Nxc7+ Kd8 10. Nxa8 b6 11. d3 e4 12. dxe4 Qxe4+ 13. Qxe4 Nxe4 14.
f3 Nc5 15. Bd5 Bb7 16. Bg5+ Kc8 17. Bf6 Bxa8 18. Bxh8 Bd6 19. Rd1 Kc7 20.
Bf6 Bb7 21. Ne2 Ne6 22. Rf1 g5 23. Bxe6 dxe6 24. Bxg5 {Black resigns} 1-0

[Event "GambitGuide"]
[Site "Internet Chess Club"]
[Date "2014.10.31"]
[Round "1"]
[White "JSBach"]
[Black "DanJE"]
[Result "1-0"]
[ICCResult "Black resigns"]
[WhiteElo "1702"]
[BlackElo "1262"]
[Opening "Vienna: `Frankenstein-Dracula' variation"]
[ECO "C27"]
[NIC "VG.02"]
[Time "14:39:54"]
[TimeControl "120+12"]

1. e4 e5 2. Nc3 Nf6 3. Bc4 Nxe4 4. Qh5 Nd6 5. Bb3 Nc6 6. Nb5 g6 7. Qf3 f5 8.
Qd5 Qe7 9. Nxc7+ Kd8 10. Nxa8 b6 11. d3 Nd4 12. h4 h6 13. f4 exf4+ 14. Kd1
Bg7 15. Bxf4 N6b5 16. Bc4 Qb4 17. Bxb5 Nxb5 18. Be5 Bxe5 19. Qxe5 Rf8 20. c4
d6 21. Qxb5 Qxb5 22. cxb5 Bb7 23. Nxb6 axb6 24. Nf3 {Black resigns} 1-0

[Event "GambitGuide"]
[Site "Internet Chess Club"]
[Date "2014.10.31"]
[Round "1"]
[White "JSBach"]
[Black "Drunxican"]
[Result "1-0"]
[ICCResult "Black resigns"]
[WhiteElo "1702"]
[BlackElo "1518"]
[Opening "Vienna: `Frankenstein-Dracula' variation"]
[ECO "C27"]
[NIC "VG.02"]
[Time "14:40:08"]
[TimeControl "120+12"]

1. e4 e5 2. Nc3 Nf6 3. Bc4 Nxe4 4. Qh5 Nd6 5. Bb3 Nc6 6. Nb5 g6 7. Qf3 f5 8.
Qd5 Qe7 9. Nxc7+ Kd8 10. Nxa8 b6 11. d3 Bb7 12. Nxb6 axb6 13. Qf3 e4 14. Qe3
Bg7 15. Qxb6+ Kc8 16. Ne2 exd3 17. cxd3 Bd4 18. Bg5 Bxb6 19. Bxe7 Nxe7 20.
Rc1+ Kb8 21. O-O Ba6 22. Nf4 Rc8 23. Bc2 Bd4 24. b4 Bb7 25. Rfe1 Nd5 26. Ne2
Bf6 27. a3 Nb5 28. Kf1 Nd4 29. Ba4 Rxc1 30. Nxc1 Kc7 31. Nb3 Nxb3 32. Bxb3
Kd6 33. Bxd5 Bxd5 34. b5 Kc5 35. Rb1 Kb6 36. f3 Be7 37. a4 Bc5 38. Re1 Ka5
39. Re5 {Black resigns} 1-0

[Event "GambitGuide"]
[Site "Internet Chess Club"]
[Date "2014.10.31"]
[Round "1"]
[White "JSBach"]
[Black "almoehi"]
[Result "1-0"]
[ICCResult "Black resigns"]
[WhiteElo "1702"]
[BlackElo "1458"]
[Opening "Vienna: `Frankenstein-Dracula' variation"]
[ECO "C27"]
[NIC "VG.02"]
[Time "14:42:03"]
[TimeControl "120+12"]

1. e4 e5 2. Nc3 Nf6 3. Bc4 Nxe4 4. Qh5 Nd6 5. Bb3 Nc6 6. Nb5 g6 7. Qf3 f5 8.
Qd5 Qe7 9. Nxc7+ Kd8 10. Nxa8 b6 11. d3 e4 12. dxe4 Nxe4 13. Be3 f4 14. f3
fxe3 15. Qxe4 Qxe4 16. fxe4 Bc5 17. Ba4 Bb7 18. Nxb6 Bxb6 19. Ne2 Ne5 20.
Ng3 d5 21. exd5 Bxd5 22. O-O-O {Black resigns} 1-0

[Event "GambitGuide"]
[Site "Internet Chess Club"]
[Date "2014.10.31"]
[Round "1"]
[White "JSBach"]
[Black "DanJE"]
[Result "1-0"]
[ICCResult "Black disconnected and forfeits"]
[WhiteElo "1702"]
[BlackElo "1262"]
[Opening "Vienna: `Frankenstein-Dracula' variation"]
[ECO "C27"]
[NIC "VG.02"]
[Time "14:42:17"]
[TimeControl "120+12"]

1. e4 e5 2. Nc3 Nf6 3. Bc4 Nxe4 4. Qh5 Nd6 5. Bb3 Nc6 6. Nb5 g6 7. Qf3 f5 8.
Qd5 Qe7 9. Nxc7+ Kd8 10. Nxa8 b6 11. d3 e4 12. dxe4 Nxe4 13. Be3 Qb4+ 14. c3
Nxc3 15. Qd2 Bg7 16. Bg5+ Ke8 17. Nc7+ Kf8 18. bxc3 Bxc3 19. Bh6+ Ke7 20.
Nd5+ Kd8 21. Bg5+ Ke8 22. Nxb4 Bxb4 23. Qxb4 Nxb4 24. O-O-O
{Black disconnected and forfeits}
1-0

[Event "GambitGuide"]
[Site "Internet Chess Club"]
[Date "2014.10.31"]
[Round "1"]
[White "JSBach"]
[Black "Drunxican"]
[Result "1-0"]
[ICCResult "Black resigns"]
[WhiteElo "1702"]
[BlackElo "1518"]
[Opening "Vienna: `Frankenstein-Dracula' variation"]
[ECO "C27"]
[NIC "VG.02"]
[Time "14:42:58"]
[TimeControl "120+12"]

1. e4 e5 2. Nc3 Nf6 3. Bc4 Nxe4 4. Qh5 Nd6 5. Bb3 Nc6 6. Nb5 g6 7. Qf3 f5 8.
Qd5 Qe7 9. Nxc7+ Kd8 10. Nxa8 b6 11. d3 Bb7 12. Nxb6 axb6 13. Qf3 Nd4 14.
Qh3 e4 15. Be3 Bg7 16. dxe4 Nxe4 17. c3 Nxb3 18. axb3 Re8 19. Bxb6+ Kc8 20.
Be3 h6 21. Ne2 g5 22. Qxf5 {Black resigns} 1-0

[Event "GambitGuide"]
[Site "Internet Chess Club"]
[Date "2014.10.31"]
[Round "1"]
[White "JSBach"]
[Black "FreeIreland"]
[Result "1-0"]
[ICCResult "Black forfeits on time"]
[WhiteElo "1702"]
[BlackElo "1307"]
[Opening "Vienna: `Frankenstein-Dracula' variation"]
[ECO "C27"]
[NIC "VG.02"]
[Time "14:27:10"]
[TimeControl "120+12"]

1. e4 e5 2. Nc3 Nf6 3. Bc4 Nxe4 4. Qh5 Nd6 5. Bb3 Nc6 6. Nb5 g6 7. Qf3 f5 8.
Qd5 Qe7 9. Nxc7+ Kd8 10. Nxa8 b6 11. d3 Bb7 12. Nxb6 axb6 13. Qf3 Nd4 14.
Qg3 Nxb3 15. axb3 Bg7 16. Be3 Nc8 17. Bg5 Bf6 18. Bxf6 Qxf6 19. b4 d5 20.
Nf3 e4 21. Qe5 Qxe5 22. Nxe5 Re8 23. d4 Nd6 24. Ra7 Kc7 25. c3 Nc4 26. Nxc4
dxc4 27. Ke2 f4 28. Rha1 f3+ 29. gxf3 exf3+ 30. Kf1 Re2 31. R1a2 h5 32. b5
g5 33. R2a4 g4 34. Rxc4+ Kb8 35. Rca4 h4 36. b3 Rc2 37. Ra1 Rxc3 38. R7a3
Rd3 39. Kg1 Rxd4 40. Ra4 Rd3 41. Rxg4 Rxb3 42. Rg8+ Kc7 43. Rc1+ Kd6 44.
Rg6+ Ke5 45. Rxb6 {Black forfeits on time} 1-0

[Event "GambitGuide"]
[Site "Internet Chess Club"]
[Date "2014.10.31"]
[Round "1"]
[White "JSBach"]
[Black "almoehi"]
[Result "1-0"]
[ICCResult "Black resigns"]
[WhiteElo "1702"]
[BlackElo "1458"]
[Opening "Vienna: `Frankenstein-Dracula' variation"]
[ECO "C27"]
[NIC "VG.02"]
[Time "14:43:21"]
[TimeControl "120+12"]

1. e4 e5 2. Nc3 Nf6 3. Bc4 Nxe4 4. Qh5 Nd6 5. Bb3 Nc6 6. Nb5 g6 7. Qf3 f5 8.
Qd5 Qe7 9. Nxc7+ Kd8 10. Nxa8 b6 11. d3 e4 12. dxe4 Nxe4 13. Be3 f4 14. Nxb6
axb6 15. Bxb6+ Ke8 16. O-O-O Nb4 17. Qa8 {Black resigns} 1-0

[Event "GambitGuide"]
[Site "Internet Chess Club"]
[Date "2014.10.31"]
[Round "1"]
[White "JSBach"]
[Black "ZenChess"]
[Result "1-0"]
[ICCResult "Black resigns"]
[WhiteElo "1702"]
[BlackElo "1659"]
[Opening "Vienna: `Frankenstein-Dracula' variation"]
[ECO "C27"]
[NIC "VG.02"]
[Time "14:42:36"]
[TimeControl "120+12"]

1. e4 e5 2. Nc3 Nf6 3. Bc4 Nxe4 4. Qh5 Nd6 5. Bb3 Nc6 6. Nb5 g6 7. Qf3 f5 8.
Qd5 Qe7 9. Nxc7+ Kd8 10. Nxa8 b6 11. d3 Bb7 12. Nxb6 axb6 13. Qf3 e4 14. Qe3
h5 15. Qxb6+ Ke8 16. d4 Bg7 17. Ne2 h4 18. Bf4 Bc8 19. Qc7 Nb5 20. Qxc8+ Nd8
21. Qa6 {Black resigns} 1-0

[Event "GambitGuide"]
[Site "Internet Chess Club"]
[Date "2014.10.31"]
[Round "1"]
[White "JSBach"]
[Black "nsideurheadbro"]
[Result "0-1"]
[ICCResult "White checkmated"]
[WhiteElo "1702"]
[BlackElo "1184"]
[Opening "Vienna: `Frankenstein-Dracula' variation"]
[ECO "C27"]
[NIC "VG.02"]
[Time "14:42:03"]
[TimeControl "120+12"]

1. e4 e5 2. Nc3 Nf6 3. Bc4 Nxe4 4. Qh5 Nd6 5. Bb3 Nc6 6. Nb5 g6 7. Qf3 f5 8.
Qd5 Qe7 9. Nxc7+ Kd8 10. Nxa8 b6 11. d3 Bb7 12. Nxb6 axb6 13. Qf3 Nd4 14.
Qg3 f4 15. Qg4 Qf6 16. Ba4 N6f5 17. c3 Ne6 18. Nf3 h5 19. Qh3 g5 20. d4 g4
21. dxe5 Qe7 22. Bc6 Bxc6 23. Nh4 gxh3 24. Nxf5 hxg2 25. Rg1 Qg5 26. Ng3 h4
27. Ne2 h3 28. Bd2 Qxe5 29. c4 Nd4 30. Be3 Nxe2 31. Kxe2 fxe3 32. fxe3 Bh6
33. e4 Qxe4+ 34. Kd1 Qf3+ 35. Ke1 Qe3+ 36. Kd1 Qxg1+ 37. Kc2 Qxa1 38. c5
bxc5 39. Kd3 Qxb2 40. a4 Bxa4 41. Ke4 Re8+ 42. Kf5 Qe5+ 43. Kg4 Qg5+ 44.
Kxh3 Re3# {White checkmated} 0-1

[Event "GambitGuide"]
[Site "Internet Chess Club"]
[Date "2014.10.31"]
[Round "1"]
[White "JSBach"]
[Black "fearlessone"]
[Result "1-0"]
[ICCResult "Black checkmated"]
[WhiteElo "1702"]
[BlackElo "1812"]
[Opening "Vienna: `Frankenstein-Dracula' variation"]
[ECO "C27"]
[NIC "VG.02"]
[Time "14:39:49"]
[TimeControl "120+12"]

1. e4 e5 2. Nc3 Nf6 3. Bc4 Nxe4 4. Qh5 Nd6 5. Bb3 Nc6 6. Nb5 g6 7. Qf3 f5 8.
Qd5 Qe7 9. Nxc7+ Kd8 10. Nxa8 b6 11. d3 Bb7 12. Nxb6 axb6 13. Qf3 Bg7 14.
Qg3 e4 15. Bg5 Bf6 16. Bxf6 Qxf6 17. Rd1 exd3 18. Rxd3 Re8+ 19. Ne2 f4 20.
Qh3 Ba6 21. Rd2 Qxb2 22. c4 Qa1+ 23. Rd1 Qe5 24. O-O Nf5 25. Qxh7 Re7 26.
Qxg6 Rg7 27. Qxc6 Ne3 28. fxe3 Qxe3+ 29. Rf2 Ke8 30. Qa8+ Kf7 31. Rxd7+ Kg6
32. Nxf4+ Kh7 33. Bc2+ Kh6 34. Qh8+ Kg5 35. h4+ Kg4 36. Rxg7# {Black
checkmated} 1-0

[Event "GambitGuide"]
[Site "Internet Chess Club"]
[Date "2014.10.31"]
[Round "1"]
[White "JSBach"]
[Black "ZenChess"]
[Result "1-0"]
[ICCResult "Black resigns"]
[WhiteElo "1702"]
[BlackElo "1659"]
[Opening "Vienna: `Frankenstein-Dracula' variation"]
[ECO "C27"]
[NIC "VG.02"]
[Time "14:44:27"]
[TimeControl "120+12"]

1. e4 e5 2. Nc3 Nf6 3. Bc4 Nxe4 4. Qh5 Nd6 5. Bb3 Nc6 6. Nb5 g6 7. Qf3 f5 8.
Qd5 Qe7 9. Nxc7+ Kd8 10. Nxa8 b6 11. d3 Bg7 12. Nh3 h6 13. Ba4 Bb7 14. Nxb6
axb6 15. Qb3 e4 16. Be3 exd3 17. Qxb6+ Kc8 18. Nf4 Nc4 19. Nxg6 Qe6 20. Nf4
Qe8 21. Qc5 Nxb2 22. Bxc6 Bxc6 23. Rb1 dxc2 24. Rc1 Nd3+ 25. Nxd3
{Black resigns}
1-0

[Event "GambitGuide"]
[Site "Internet Chess Club"]
[Date "2014.10.31"]
[Round "1"]
[White "JSBach"]
[Black "almoehi"]
[Result "1-0"]
[ICCResult "Black resigns"]
[WhiteElo "1702"]
[BlackElo "1458"]
[Opening "Vienna: `Frankenstein-Dracula' variation"]
[ECO "C27"]
[NIC "VG.02"]
[Time "14:44:24"]
[TimeControl "120+12"]

1. e4 e5 2. Nc3 Nf6 3. Bc4 Nxe4 4. Qh5 Nd6 5. Bb3 Nc6 6. Nb5 g6 7. Qf3 f5 8.
Qd5 Qe7 9. Nxc7+ Kd8 10. Nxa8 b6 11. d3 e4 12. dxe4 Nxe4 13. Be3 f4 14. Nxb6
fxe3 15. O-O-O axb6 16. Qxc6 Nxf2 17. Qxb6+ Ke8 18. Qc7 Ba6 19. Qb8+ Qd8 20.
Qe5+ Qe7 21. Qxh8 Nxh1 22. Re1 d6 23. Qd4 Bh6 24. Qa4+ Kf8 25. Qxa6 Nf2 26.
Qa8+ Kg7 27. Qg8+ Kf6 28. Ne2 {Black resigns} 1-0

[Event "GambitGuide"]
[Site "Internet Chess Club"]
[Date "2014.10.31"]
[Round "1"]
[White "JSBach"]
[Black "nsideurheadbro"]
[Result "1-0"]
[ICCResult "Black checkmated"]
[WhiteElo "1702"]
[BlackElo "1184"]
[Opening "Vienna: `Frankenstein-Dracula' variation"]
[ECO "C27"]
[NIC "VG.02"]
[Time "14:45:32"]
[TimeControl "120+12"]

1. e4 e5 2. Nc3 Nf6 3. Bc4 Nxe4 4. Qh5 Nd6 5. Bb3 Nc6 6. Nb5 g6 7. Qf3 f5 8.
Qd5 Qe7 9. Nxc7+ Kd8 10. Nxa8 b6 11. d3 Bb7 12. Nxb6 axb6 13. Qf3 f4 14. Bd2
Nd4 15. Qg4 g5 16. Bb4 h5 17. Bxd6 Qxd6 18. Qxg5+ Be7 19. Qg7 Rf8 20. f3 h4
21. Rc1 Nxb3 22. cxb3 Qxd3 23. Qxe5 Ba6 24. Qb8+ Bc8 25. Qxc8#
{Black checkmated}
1-0

[Event "GambitGuide"]
[Site "Internet Chess Club"]
[Date "2014.10.31"]
[Round "1"]
[White "JSBach"]
[Black "Drunxican"]
[Result "0-1"]
[ICCResult "White checkmated"]
[WhiteElo "1702"]
[BlackElo "1518"]
[Opening "Vienna: `Frankenstein-Dracula' variation"]
[ECO "C27"]
[NIC "VG.02"]
[Time "14:43:50"]
[TimeControl "120+12"]

1. e4 e5 2. Nc3 Nf6 3. Bc4 Nxe4 4. Qh5 Nd6 5. Bb3 Nc6 6. Nb5 g6 7. Qf3 f5 8.
Qd5 Qe7 9. Nxc7+ Kd8 10. Nxa8 b6 11. d3 Bb7 12. Nxb6 axb6 13. Qf3 Nd4 14.
Qg3 Bg7 15. Bg5 Bf6 16. Bxf6 Qxf6 17. Ba4 Re8 18. c3 b5 19. Bb3 Nxb3 20.
axb3 e4 21. d4 f4 22. Qh3 h5 23. Ra7 Kc7 24. g3 e3 25. Nf3 exf2+ 26. Kxf2
fxg3+ 27. Qxg3 Kb6 28. Rxb7+ Kxb7 29. Kg1 Re3 30. Kg2 Ne4 31. Qh3 Kb6 32.
Ra1 g5 33. Qxh5 Qf4 34. c4 Rxb3 35. cxb5 Rxb2+ 36. Kg1 Qe3+ 37. Kh1 Nf2+ 38.
Kg2 Ng4+ 39. Kg3 Qf4+ 40. Kh3 Qxf3# {White checkmated} 0-1

[Event "GambitGuide"]
[Site "Internet Chess Club"]
[Date "2014.10.31"]
[Round "1"]
[White "JSBach"]
[Black "almoehi"]
[Result "1-0"]
[ICCResult "Black resigns"]
[WhiteElo "1702"]
[BlackElo "1458"]
[Opening "Vienna: `Frankenstein-Dracula' variation"]
[ECO "C27"]
[NIC "VG.02"]
[Time "14:46:16"]
[TimeControl "120+12"]

1. e4 e5 2. Nc3 Nf6 3. Bc4 Nxe4 4. Qh5 Nd6 5. Bb3 Nc6 6. Nb5 g6 7. Qf3 f5 8.
Qd5 Qe7 9. Nxc7+ Kd8 10. Nxa8 b6 11. d3 e4 12. dxe4 Nxe4 13. Be3 f4 14. Nxb6
fxe3 15. O-O-O Nxf2 16. Qxc6 axb6 17. Qxb6+ Ke8 18. Qb8 Qc5 19. Rd5 Qc6 20.
Qe5+ Kd8 21. Qxh8 Nxh1 22. Qxf8+ Kc7 23. Rc5 Qxc5 24. Qxc5+ {Black resigns}
1-0

[Event "GambitGuide"]
[Site "Internet Chess Club"]
[Date "2014.10.31"]
[Round "1"]
[White "JSBach"]
[Black "ZenChess"]
[Result "1-0"]
[ICCResult "Black resigns"]
[WhiteElo "1702"]
[BlackElo "1659"]
[Opening "Vienna: `Frankenstein-Dracula' variation"]
[ECO "C27"]
[NIC "VG.02"]
[Time "14:46:15"]
[TimeControl "120+12"]

1. e4 e5 2. Nc3 Nf6 3. Bc4 Nxe4 4. Qh5 Nd6 5. Bb3 Nc6 6. Nb5 g6 7. Qf3 f5 8.
Qd5 Qe7 9. Nxc7+ Kd8 10. Nxa8 b6 11. d3 Bg7 12. Ba4 Bb7 13. Nxb6 axb6 14.
Qb3 Ke8 15. Qxb6 Kf7 16. Bb3+ Kf6 17. Bd5 Rb8 18. Ne2 e4 19. d4 g5 20. h4 h6
21. hxg5+ hxg5 22. Qc5 f4 23. g3 f3 24. Bxc6 Bxc6 25. Bxg5+ {Black resigns}
1-0

[Event "GambitGuide"]
[Site "Internet Chess Club"]
[Date "2014.10.31"]
[Round "1"]
[White "JSBach"]
[Black "nsideurheadbro"]
[Result "1-0"]
[ICCResult "Black checkmated"]
[WhiteElo "1702"]
[BlackElo "1184"]
[Opening "Vienna: `Frankenstein-Dracula' variation"]
[ECO "C27"]
[NIC "VG.02"]
[Time "14:47:05"]
[TimeControl "120+12"]

1. e4 e5 2. Nc3 Nf6 3. Bc4 Nxe4 4. Qh5 Nd6 5. Bb3 Nc6 6. Nb5 g6 7. Qf3 f5 8.
Qd5 Qe7 9. Nxc7+ Kd8 10. Nxa8 b6 11. d3 Bb7 12. Nxb6 axb6 13. Qf3 Nd4 14.
Qg3 f4 15. Qg4 g5 16. Ba4 h5 17. Qd1 e4 18. c3 exd3+ 19. Kf1 Ba6 20. cxd4
d2+ 21. Ne2 dxc1=Q 22. Rxc1 Qf6 23. Qd2 Bg7 24. Qc2 Qxd4 25. Qc7+ Ke7 26.
Qxd7+ Kf6 27. Re1 Kg6 28. h4 g4 29. Bc2+ Kh6 30. Qe7 Re8 31. Qg5#
{Black checkmated}
1-0

[Event "GambitGuide"]
[Site "Internet Chess Club"]
[Date "2014.10.31"]
[Round "1"]
[White "JSBach"]
[Black "almoehi"]
[Result "1-0"]
[ICCResult "Black checkmated"]
[WhiteElo "1702"]
[BlackElo "1458"]
[Opening "Vienna: `Frankenstein-Dracula' variation"]
[ECO "C27"]
[NIC "VG.02"]
[Time "14:47:54"]
[TimeControl "120+12"]

1. e4 e5 2. Nc3 Nf6 3. Bc4 Nxe4 4. Qh5 Nd6 5. Bb3 Nc6 6. Nb5 g6 7. Qf3 f5 8.
Qd5 Qe7 9. Nxc7+ Kd8 10. Nxa8 b6 11. d3 e4 12. dxe4 Nxe4 13. Be3 f4 14. f3
fxe3 15. Qxe4 Bg7 16. Qf4 Rf8 17. Qc7+ Ke8 18. Qxc8+ Nd8 19. Nc7#
{Black checkmated}
1-0

[Event "GambitGuide"]
[Site "Internet Chess Club"]
[Date "2014.10.31"]
[Round "1"]
[White "JSBach"]
[Black "ZenChess"]
[Result "1-0"]
[ICCResult "Black checkmated"]
[WhiteElo "1688"]
[BlackElo "1659"]
[Opening "Vienna: `Frankenstein-Dracula' variation"]
[ECO "C27"]
[NIC "VG.02"]
[Time "14:48:14"]
[TimeControl "120+12"]

1. e4 e5 2. Nc3 Nf6 3. Bc4 Nxe4 4. Qh5 Nd6 5. Bb3 Nc6 6. Nb5 g6 7. Qf3 f5 8.
Qd5 Qe7 9. Nxc7+ Kd8 10. Nxa8 b6 11. d3 Bb7 12. Nxb6 axb6 13. Qf3 Nd4 14.
Qh3 e4 15. Be3 exd3 16. O-O-O Nxb3+ 17. cxb3 Ne4 18. Bxb6+ Ke8 19. Qxd3 Bh6+
20. Kb1 Kf7 21. Qxd7 Re8 22. Bd8 Qxd7 23. Rxd7+ Ke6 24. Rxb7 Rxd8 25. Nh3
Rd2 26. Rxh7 Bf8 27. Re1 Kd5 28. Nf4+ Kd4 29. Ne6+ Kd3 30. Re3#
{Black checkmated}
1-0

[Event "GambitGuide"]
[Site "Internet Chess Club"]
[Date "2014.10.31"]
[Round "1"]
[White "JSBach"]
[Black "Lapin82"]
[Result "1-0"]
[ICCResult "Black resigns"]
[WhiteElo "1688"]
[BlackElo "1684"]
[Opening "Vienna: `Frankenstein-Dracula' variation"]
[ECO "C27"]
[NIC "VG.02"]
[Time "14:50:19"]
[TimeControl "120+12"]

1. e4 e5 2. Nc3 Nf6 3. Bc4 Nxe4 4. Qh5 Nd6 5. Bb3 Nc6 6. Nb5 g6 7. Qf3 f5 8.
Qd5 Qe7 9. Nxc7+ Kd8 10. Nxa8 b6 11. d3 Bb7 12. Nxb6 axb6 13. Qf3 Nd4 14.
Qg3 h5 15. Bg5 {Black resigns} 1-0